 Dungeon Crawl Stone Soup version 0.19.0-11-g3fc08b3 (webtiles) character file.

106 MTVSty1e the Skirmisher (level 5, -1/43 HPs)
             Began as a Formicid Abyssal Knight on Nov 9, 2016.
             Was a Believer of Lugonu.
             Killed by a spatial distortion (3 damage)
             ... on level 1 of the Dungeon.
             The game lasted 00:03:41 (1435 turns).

MTVSty1e the Skirmisher (Formicid Abyssal Knight)   Turns: 1435, Time: 00:03:42

Health: -1/43      AC:  3    Str: 17    XL:     5   Next: 10%
Magic:  7/7        EV: 11    Int: 12    God:    Lugonu [**....]
Gold:   35         SH:  0    Dex: 10    Spells: 0 memorised, 4 levels left

rFire  . . .     SeeInvis +     a - +1 hand axe
rCold  . . .     Gourm    .     b - +0 leather armour
rNeg   . . .     Faith    .     (no shield)
rPois  .         Spirit   .     (helmet unavailable)
rElec  .         Reflect  .     (no cloak)
rCorr  .         Harm     .     (no gloves)
MR     .....                    (no boots)
Stlth  +.........               (no amulet)
                                (no ring)
                                (no ring)

@: no status effects
A: permanent stasis, dig shafts and tunnels, four strong arms, antennae 3
a: Dig, Shaft Self, Depart the Abyss, Bend Space, Renounce Religion


You were on level 1 of the Dungeon.
You worshipped Lugonu.
Lugonu was pleased with you.
You were not hungry.

You visited 1 branch of the dungeon, and saw 1 of its levels.
You visited the Abyss 1 time.

You collected 35 gold pieces.

Inventory:

Hand Weapons
 a - a +1 hand axe (weapon)
Armour
 b - a +0 leather armour (worn)
Jewellery
 c - an uncursed ring of wizardry {unknown}
Scrolls
 d - a scroll of enchant weapon {unknown}


   Skills:
 * Level 4.3 Fighting
 + Level 2.6 Axes
 + Level 3.0 Armour
 + Level 1.6 Dodging
 + Level 2.9 Invocations


You had 4 spell levels left.
You didn't know any spells.

Dungeon Overview and Level Annotations

Branches:
Dungeon (1/15)

Altars:


Innate Abilities, Weirdness & Mutations

You are under a permanent stasis effect.
You can dig through walls and to a lower floor.
Your four strong arms can wield two-handed weapons with a shield.
You have a pair of large antennae on your head. (SInv)


Message History

Lugonu accepts your kill. The iguana bites you.
You hit the iguana but do no damage.
The iguana is lightly wounded.
The iguana bites you.
You hit the iguana.
The iguana is lightly wounded.
The iguana bites you but does no damage.
You closely miss the iguana.
The iguana is lightly wounded.
The iguana bites you.
You hit the iguana but do no damage.
The iguana is lightly wounded.
The iguana bites you!
* * * LOW HITPOINT WARNING * * *
The iguana bites you.
* * * LOW HITPOINT WARNING * * *
You aren't carrying any potions.
Space bends around you!
You blink.
You die...

.........# #..####.
...........l.# #....##.
.....#..##.§# ###.......
.>..........###.........
...........).##.#####...
................########
.................†......
..............##########
.......@......#
....).......).#
.............##
..............#
..............#
..............#
#####....w....#
#.........#


You could see an iguana and a dart slug (sleeping).

Vanquished Creatures
  5 gnolls (D:1)
  An ooze (D:1)
  A dart slug (D:1)
  A leopard gecko (D:1)
  4 orcs (D:1)
  2 bats (D:1)
  2 giant cockroaches (D:1)
  9 hobgoblins (D:1)
  A ball python (D:1)
  9 goblins (D:1)
  6 kobolds (D:1)
  3 rats (D:1)
44 creatures vanquished.

Notes
Turn   | Place    | Note
-------+----------+-------------------------------------------
     0 | Abyss:1  | MTVSty1e the Formicid Abyssal Knight began the quest for the Orb.
     0 | Abyss:1  | Reached XP level 1. HP: 18/18 MP: 2/2
    10 | D:1      | Escaped the Abyss
    92 | D:1      | Reached skill level 1 in Dodging
   281 | D:1      | Reached XP level 2. HP: 8/24 MP: 3/3
   514 | D:1      | Reached XP level 3. HP: 30/30 MP: 4/4
   539 | D:1      | Reached skill level 4 in Fighting
   706 | D:1      | Reached XP level 4. HP: 33/37 MP: 5/5
  1124 | D:1      | Reached ** piety under Lugonu
  1148 | D:1      | Reached XP level 5. HP: 21/42 MP: 7/7
  1434 | D:1      | HP: 2/43 [iguana (3)]
  1435 | D:1      | Killed by a spatial distortion

Skill      XL: |  1  2  3  4 |
---------------+-------------+-----
Dodging        | 1 |  1.6
Fighting       | 4 |  4.3
Armour         | 3 |  3.0
Axes           | |  2.6
Invocations    | |  2.9

Action                   |  1- 3 |  4- 6 || total
-------------------------+-------+-------++-------
Melee: Hand axe          |    56 |    88 ||   144
 Abil: Dig               |     7 |     3 ||    10
  Eat: Bread ration      |       |     1 ||     1
Armor: Leather armour    |    12 |    34 ||    46
Dodge: Dodged            |    36 |    51 ||    87
